Unix NetHack Version 3.7.0-97 Work-in-progress - last build Jan 20 2024 17:37:35 (157cf090cb53e479d994ec1a4552202481ff9585,branch:master). Game began 2024-01-22 13:31:41, ended 2024-01-23 10:22:31. elenmirie, lawful female human Knight ------- ..>...| -------- |.....| |.....f-S@##)###......| |S..u..| |.....| ....<..| ##......| -------- # ------- #### ### # Elenmirie the Esquire St:15 Dx:9 Co:13 In:8 Wi:14 Ch:17 Lawful Dlvl:7 $:0 HP:0(45) Pw:31(31) AC:3 Xp:5/236 T:4013 Burdened Latest messages: You hear crashing rock. You hear the splashing of a naiad. The kitten bites! You hit the kitten. The kitten bites! You hit the kitten. The kitten bites! The kitten just misses! You kill the kitten! You hear water falling on coins. You are carrying too much to get through. You see here 11 rocks. You stop searching. You hit the rock mole. You hit the rock mole! You kill the rock mole! You see here a rock. You fall down the stairs. You see here a corroded orcish helm. You are beginning to feel hungry. What do you want to eat? [ghs or ?*] ? This food really hits the spot! You finish eating the food ration. A water moccasin was hidden under a corroded orcish helm! The water moccasin bites! You hit the water moccasin! The water moccasin bites! The water moccasin bites! Pick an object. You kill the water moccasin! You see here a corroded orcish helm. The water moccasin bites! You hit the water moccasin! The water moccasin bites! You hit the water moccasin. The water moccasin bites! You miss the water moccasin. The water moccasin bites! The water moccasin bites! The water moccasin bites! You miss the water moccasin. The water moccasin bites! The water moccasin's bite was poisoned! You hear the wailing of the Banshee... You die... Do you want your possessions identified? [ynq] (y) y Do you want to see your attributes? [ynq] (y) y Do you want an account of creatures vanquished? [ynaq] (y) y Do you want to see your conduct and achievements? [ynq] (y) y Do you want to see the dungeon overview? [ynq] (y) y Inventory: Weapons j - 6 uncursed +0 darts a - an uncursed +1 long sword (weapon in right hand) b - an uncursed +1 lance (alternate weapon; not wielded) Armor d - a blessed +0 helmet (being worn) f - a blessed +0 pair of leather gloves (being worn) i - an uncursed +0 small shield (being worn) c - an uncursed +1 ring mail (being worn) Comestibles g - 10 uncursed apples h - 10 uncursed carrots Rings G - a cursed -4 ring of increase damage Wands F - an uncursed wand of create monster (0:10) o - an uncursed wand of polymorph (0:3) Tools w - an uncursed sack containing 13 items e - an uncursed skeleton key Contents of the sack: 137 gold pieces an uncursed scroll of enchant armor a blessed scroll of food detection a blessed scroll of gold detection an uncursed scroll of taming an uncursed scroll of teleportation an uncursed spellbook of confuse monster an uncursed spellbook of create familiar an uncursed spellbook of healing an uncursed potion of invisibility a blessed potion of sleeping a cursed can of grease (0:13) an uncursed magic marker (0:36) Elenmirie the Knight's attributes: Background: You were an Esquire, a level 5 female human Knight. You were lawful, on a mission for Lugh who was opposed by Brigit (neutral) and Manannan Mac Lir (chaotic). You were right-handed. You were in the Dungeons of Doom, on level 7. You entered the dungeon 4013 turns ago. You had 236 experience points, 84 more were needed to attain level 6. Basics: You had 0 out of 45 hit points. You had all 31 energy points (spell power). Your armor class was 3. Your wallet was empty, but you had 137 zorkmids stashed away in your pack. Autopickup was on for '$' plus thrown. Final Characteristics: Your strength was 15 (limit:18/100). Your dexterity was 9 (limit:18). Your constitution was 13 (limit:18). Your intelligence was 8 (limit:18). Your wisdom was 14 (limit:18). Your charisma was 17 (limit:18). Final Status: You weren't hungry. You were burdened; movement was slightly slowed. You were wielding a long sword. You were skilled in long sword. Final Attributes: You were piously aligned. You could jump. You were warded. You are dead. Miscellaneous: You encountered 1 bones level. Total elapsed playing time was 1 hour, 13 minutes and 42 seconds. Major events: Turn 1: elenmirie the lawful female human Knight entered the dungeon 2149: attained the rank of Esquire (level 3) 2244: entered the Gnomish Mines 4013: killed by a water moccasin Vanquished creatures: a dingo a water moccasin a rock mole 2 ponies a fog cloud a shrieker an elf zombie a giant ant a floating eye a kitten a rothe a rabid rat an orc zombie a wererat 3 iguanas a manes 4 giant rats a gnome 2 garter snakes a gnome zombie a gecko 7 jackals a kobold 3 sewer rats 8 grid bugs 5 lichens 3 newts 55 creatures vanquished. No species were genocided or became extinct. Voluntary challenges: You read items or engraved 2 times. You never engraved Elbereth. You never genocided any monsters. You never polymorphed an object. You never changed form. You used no wishes. Achievements: You entered a shop. You attained the rank of Esquire. You entered the Gnomish Mines. The Dungeons of Doom: levels 1 to 7 Level 1: A grave. Level 2: An altar to Lugh, some fountains. Level 3: Level 4: An altar. Stairs down to The Gnomish Mines. Level 5: An altar to Lugh. Level 6: A fountain, a grave. Level 7: <- You were here. Final resting place for you, killed by a water moccasin, lurchy-Wiz-Elf-Mal-Cha, killed by a water moccasin. The Gnomish Mines: Level 5: Game over: ---------- / \ / REST \ / IN \ / PEACE \ / \ | elenmirie | | 137 Au | | killed by a | | water moccasin | | | | | | 2024 | *| * * * | * _________)/\\_//(\/(/\)/\//\/|_)_______ Fare thee well elenmirie the Knight... You died in The Dungeons of Doom on dungeon level 7 with 1388 points, and 137 pieces of gold, after 4013 moves. You were level 5 with a maximum of 45 hit points when you died.